 Dungeon Crawl Stone Soup version 0.21-a0-329-g12f17e1 (webtiles) character file.

20076 tidbits the Infuser (level 12, -12/94 HPs)
             Began as a Gnoll Skald on Oct 1, 2017.
             Was a Priest of Cheibriados.
             Hit by a large rock thrown by a cyclops (34 damage)
             ... on level 14 of the Dungeon.
             The game lasted 00:53:55 (5238 turns).

tidbits the Infuser (Gnoll Skald)                   Turns: 5238, Time: 00:53:56

Health: -12/94     AC:  7    Str: 24    XL:     12   Next: 75%
Magic:  23/25      EV: 22    Int: 27    God:    Cheibriados [***...]
Gold:   278        SH: 15    Dex: 27    Spells: 1/29 levels left

rFire    . . .     SeeInvis .   f - +1 dagger (elec)
rCold    . . .     Gourm    .   D - +2 shield
rNeg     . . .     Faith    .   B - +0 troll leather armour
rPois    .         Spirit   .   E - +1 hat
rElec    .         Reflect  .   (no cloak)
rCorr    .         Harm     .   G - +0 pair of gloves {Dex+3}
MR       .....                  F - +0 pair of boots
Stlth    ++++......             (no amulet)
HPRegen  0.65/turn              V - +3 ring of evasion
MPRegen  0.19/turn              W - ring of wizardry

@: very slightly contaminated, very slow
A: distributed training, fangs 1, horns 1, agile 1, deformed body, screaming 1,
strong nose
a: Bend Time, Temporal Distortion, Renounce Religion


You were on level 14 of the Dungeon.
You worshipped Cheibriados.
Cheibriados was most pleased with you.
You were very hungry.

You visited 2 branches of the dungeon, and saw 15 of its levels.

You collected 742 gold pieces.
You spent 464 gold pieces at shops.

Inventory:

Hand Weapons
 a - a +1 scimitar of flaming
   (You took it off an efreet on level 11 of the Dungeon)
 f - a +1 dagger of electrocution (weapon)
   (You took it off a goblin on level 1 of the Dungeon)
 g - a +0 scythe
 h - a +2 falchion of holy wrath
   (You found it on level 2 of the Dungeon)
 u - a +4 flail
 Q - a +0 blowgun
Missiles
 e - 310 arrows
 n - 7 javelins (quivered)
 R - 6 curare-tipped needles
Armour
 v - a +2 robe of magic resistance
   (You took it off an orc wizard on level 13 of the Dungeon)
 B - a +0 troll leather armour (worn)
 D - a +2 shield (worn)
 E - a +1 hat (worn)
 F - a +0 pair of boots (worn)
 G - a +0 pair of gloves of dexterity (worn)
   (You found it on level 7 of the Dungeon)
Jewellery
 x - an uncursed ring of flight
   (You found it on level 2 of the Dungeon)
 V - a +3 ring of evasion (left hand)
   (You found it on level 6 of the Dungeon)
 W - a ring of wizardry (right hand)
   (You found it on level 9 of the Dungeon)
Wands
 p - a wand of paralysis (0/24)
 w - a wand of acid (3/15)
 P - a wand of confusion (36/48)
 S - a wand of flame (20/48)
Scrolls
 i - 5 scrolls of enchant weapon
 l - a scroll of teleportation
 m - a scroll of enchant armour {unknown}
 r - 6 scrolls of remove curse
 z - 2 scrolls of immolation {unknown}
 A - 2 scrolls of magic mapping
 H - 2 scrolls of fog {unknown}
 I - a scroll of torment {unknown}
 N - 3 scrolls of amnesia {unknown}
 X - a scroll of acquirement {unknown}
 Z - 2 scrolls of noise {unknown}
Potions
 b - a potion of degeneration {unknown}
 j - a potion of heal wounds {unknown}
 q - 2 potions of magic
 s - 2 potions of might
 t - 3 potions of brilliance
 y - a potion of resistance {unknown}
 J - 3 potions of curing
 L - 2 potions of ambrosia
Books
 c - a book of Battle

   Spells                             Type                      Level
   a - Infusion                       Charms                       1
   b - Shroud of Golubria             Charms/Translocation         2
   c - Song of Slaying                Charms                       2
   d - Spectral Weapon                Hexes/Charms                 3
   e - Regeneration                   Charms/Necromancy            3
 C - a book of Necromancy
   (You bought it in a shop on level 12 of the Dungeon)

   Spells                             Type                      Level
   a - Pain                           Necromancy                   1
   b - Animate Skeleton               Necromancy                   1
   c - Vampiric Draining              Necromancy                   3
   d - Regeneration                   Charms/Necromancy            3
   e - Animate Dead                   Necromancy                   4
   f - Control Undead                 Necromancy                   4
 O - a book of Frost
   (You found it on level 8 of the Dungeon)

   Spells                             Type                      Level
   a - Freeze                         Ice                          1
   b - Throw Frost                    Conjuration/Ice              2
   c - Ozocubu's Armour               Charms/Ice                   3
   d - Throw Icicle                   Conjuration/Ice              4
   e - Summon Ice Beast               Ice/Summoning                4
 T - a book of Clouds
   (You found it on level 8 of the Dungeon)

   Spells                             Type                      Level
   a - Poisonous Vapours              Poison/Air                   2
   b - Mephitic Cloud                 Conjuration/Poison/Air       3
   c - Conjure Flame                  Conjuration/Fire             3
   d - Freezing Cloud                 Conjuration/Ice/Air          6
   e - Ring of Flames                 Charms/Fire                  7
 U - a book of Flames
   (You found it on level 8 of the Dungeon)

   Spells                             Type                      Level
   a - Flame Tongue                   Conjuration/Fire             1
   b - Throw Flame                    Conjuration/Fire             2
   c - Conjure Flame                  Conjuration/Fire             3
   d - Inner Flame                    Hexes/Fire                   3
   e - Sticky Flame                   Conjuration/Fire             4
   f - Fireball                       Conjuration/Fire             5
Comestibles
 d - 7 bread rations
 k - 8 meat rations
 o - 13 royal jellies
 K - 3 fruits


   Skills:
 + Level 8.8 Fighting
 + Level 7.4 Short Blades
 + Level 8.8 Long Blades
 + Level 7.4 Axes
 + Level 7.4 Maces & Flails
 + Level 7.4 Polearms
 + Level 7.4 Staves
 + Level 7.4 Slings
 + Level 7.4 Bows
 + Level 7.4 Crossbows
 + Level 7.4 Throwing
 + Level 7.9 Armour
 + Level 8.8 Dodging
 + Level 7.4 Stealth
   Level 0.0 Stabbing
 + Level 7.4 Shields
   Level 0.0 Traps
 + Level 7.4 Unarmed Combat
 + Level 9.1 Spellcasting
 + Level 7.4 Conjurations
 + Level 7.4 Hexes
 + Level 9.9 Charms
 + Level 7.4 Summonings
 + Level 7.4 Necromancy
 + Level 7.4 Translocations
 + Level 7.4 Transmutations
 + Level 7.4 Fire Magic
 + Level 7.4 Ice Magic
 + Level 7.4 Air Magic
 + Level 7.4 Earth Magic
 + Level 7.4 Poison Magic
 + Level 7.4 Invocations
 + Level 7.4 Evocations


You had one spell level left.
You knew the following spells:

 Your Spells              Type           Power        Failure   Level  Hunger
f - Freezing Cloud        Conj/Ice/Air   ######....   36%         6    ######.
g - Shroud of Golubria    Chrm/Tloc      ######....   1%          2    None
i - Infusion              Chrm           ####         1%          1    None
m - Mephitic Cloud        Conj/Pois/Air  ######..     1%          3    None
n - Animate Skeleton      Necr           N/A          1%          1    None
o - Ozocubu's Armour      Chrm/Ice       ######..     1%          3    None
r - Regeneration          Chrm/Necr      ######....   1%          3    None
w - Spectral Weapon       Hex/Chrm       ######..     1%          3    None
y - Song of Slaying       Chrm           ######..     1%          2    None
N - Animate Dead          Necr           N/A          2%          4    #......


Dungeon Overview and Level Annotations

Branches:
Dungeon (14/15)            Temple (1/1) D:5            Lair (0/6) D:9
    Orc (0/2) D:10
 Vaults: D:13-14

Altars:
Ashenzari
Cheibriados
Elyvilon
Fedhas
Gozag
Hepliaklqana
Makhleb
Nemelex Xobeh
Okawaru
Qazlal
Sif Muna
Trog
Uskayaw
Vehumet
Wu Jian
Xom
Yredelemnul
The Shining One
Beogh

Shops:
D:7 *   D:9 *   D:12 :


Innate Abilities, Weirdness & Mutations

Your experience applies equally to all skills.
You have very sharp teeth.
Your uncanny sense of smell can sniff out nearby items.
You have a pair of small horns on your head.
You are agile. (Dex +2)
Armour fits poorly on your strangely shaped body.
You occasionally shout uncontrollably at your foes.


Message History

The bolt of acid hits the four-headed hydra.
The four-headed hydra is splashed with acid.
The four-headed hydra is severely wounded.
The bolt of acid hits the vault guard.
The vault guard is splashed with acid.
The acid corrodes the vault guard!
You kill the vault guard!
Cheibriados thoroughly appreciates the change of pace.
This wand has 3 charges left.
You feel sick. The four-headed hydra bites you.
* * * LOW HITPOINT WARNING * * *
The four-headed hydra bites you!
* * * LOW HITPOINT WARNING * * *
You block the four-headed hydra's attack.
The four-headed hydra closely misses you.
The cyclops barely misses you.
A vault guard comes into view.
It is wielding an enchanted great sword.
Unknown command.
Unknown command.
You warp the flow of time around you!
You are starving!
You bark at the orc wizard!
An acid dragon and an orc wizard come into view.
Unknown command.
Unknown command.
As you read the scroll of fear, it crumbles to dust.
You assume a fearsome visage.
The four-headed hydra easily resists.
The vault guard looks frightened!
The acid dragon looks frightened!
The orc wizard looks frightened! x2; The cyclops looks frightened!
Your skin is crawling a little less now.
You feel sick. The four-headed hydra misses you.
The four-headed hydra closely misses you.
You block the four-headed hydra's attack.
The four-headed hydra bites you!
* * * LOW HITPOINT WARNING * * *
The acid dragon moves out of view.
The orc wizard mumbles some strange words.
The orc wizard flickers and vanishes!
Deactivating autopickup; reactivate with Ctrl-A.
The orc wizard gestures wildly while chanting.
The orc wizard flickers and vanishes!
Unknown command.
Okay, then.
As you read the scroll of fear, it crumbles to dust.
You assume a fearsome visage.
The four-headed hydra looks frightened!
You feel sick.
The four-headed hydra is no longer moving slowly.
Unknown command.
You are confused.
You feel invigorated.
You feel sick.
You feel sick.
You feel sick.
The vault guard seems to regain its courage.
You feel sick.
The four-headed hydra seems to regain its courage.
Your skin stops crawling.
You feel sick.
You feel sick.
You feel better.
You feel less invigorated.
Okay, then.
You don't have the energy to cast that spell.
Adjust (i)tems, (s)pells, or (a)bilities?
Adjust which spell?
Okay, then.
You don't have the energy to cast that spell.
Unknown command.
You eat one of the 4 fruits.
You are feeling very hungry.
Mmm - a full handful of grapes!
The cyclops seems to regain its courage.
Casting: Freezing Cloud
Confirm with . or Enter, or press ? or * to list all spells.
Aiming: Mephitic Cloud
Press: ? - help, Shift-Dir - straight line The ball explodes into a vile cloud!
The stinking cloud engulfs the vault guard.
The vault guard is engulfed in noxious fumes.
The vault guard hits you with an enchanted great sword!!
* * * LOW HITPOINT WARNING * * *
You closely miss the vault guard.
You bite the vault guard, but do no damage.
The vault guard is lightly wounded.
The vault guard is engulfed in noxious fumes.
You block the vault guard's attack.
Unknown command.
Press: ? - help, v - describe, . - travel
Here: a vault guard, wielding an enchanted great sword and wearing a chain mail (noxious fumes)
The floor.
You hit the vault guard but do no damage.
You headbutt the vault guard, but do no damage.
Your bite misses the vault guard.
You hit the vault guard but do no damage.
Lightning courses through the vault guard!
Your headbutt misses the vault guard.
The vault guard is lightly wounded.
The vault guard is engulfed in noxious fumes.
You block the vault guard's attack.
An orc comes into view. It is wielding a short sword.
Something barely misses you.
You hear a distant blaring wail to the east.
The cyclops throws a large rock.
The large rock hits you!!
You die...

************#..###.*,**,***,,
*,,,* ##..#..,,,**,*,,,,
*,,,* ###.....#,#***,*,*,*
*,,,** #.,,##.<#.# **,,,*,*
*,,,,#####.**#.....#**,,***,*
*,,,,,...#.*##.##..##,,,,,,,,
*,,,,**#...##......(..,****,*
*,,,,* ##..#...##.....#* *,*
*,,,,* #.$.)@..)..o..## *,*
****,**#....†#..D..#.#*****,,
*,,*#...p§#........,,,,,,,
**,*#...§§....##....,,,**,
**∆.....§.§..##**.,,,,****
****.......C.#.## **,,,** *
*,,,.........#.#* ***'*** *
*,,,........D...****,,,,,****
*,,,...#.....#,..**,*,,,*,**,


You could see a four-headed hydra, a vault guard, a cyclops, an acid dragon and
an orc (wandering).

Vanquished Creatures
  A hydra (D:8)
  A vault guard (D:14)
  A centaur warrior (D:11)
  4 two-headed ogres
  3 slime creatures (D:12)
  Nergalle (D:10)
  An unseen horror (D:10)
  A manticore (D:12)
  3 ugly things
  A spiny frog (shapeshifter) (D:12)
  A gargoyle (D:10)
  An efreet (D:11)
  5 trolls
  3 meliai (D:13)
  A hippogriff (D:10)
  Grinder (D:6)
  3 hornets (D:8)
  A wyvern (D:13)
  Sigmund (D:6)
  A wraith (D:11)
  10 yaks
  2 hungry ghosts
  2 wargs (D:9)
  A soldier ant (D:8)
  A water moccasin (D:8)
  Duvessa (D:5)
  7 orc warriors
  3 ice beasts
  A necrophage (D:11)
  A hornet zombie (D:10)
  2 sky beasts
  5 ogres
  9 centaurs
  3 big kobolds
  5 bullfrogs
  Dowan (D:5)
  9 scorpions
  3 killer bees (D:12)
  A wight (D:8)
  2 howler monkeys
  4 crimson imps
  A bullfrog zombie (D:8)
  A centaur zombie (D:7)
  3 hounds
  A quasit (D:12)
  3 bullfrog skeletons
  3 orc priests
  5 jellies
  8 orc wizards
  5 centaur skeletons
  Natasha (thrice) (D:2)
  3 worker ants
  A hound skeleton (D:5)
  6 gnolls
  A howler monkey skeleton (D:5)
  9 adders
  3 shadow imps
  An adder zombie (D:7)
  3 adder skeletons
  3 worms
  2 dart slugs (D:1)
  5 leopard geckos
  45 orcs
  3 giant cockroaches
  9 goblins
  9 hobgoblins
  10 jackals
  13 kobolds
  A quokka (D:8)
  A ball python (D:2)
  11 bats
  7 frilled lizards
  A jackal skeleton (D:8)
  2 leopard gecko skeletons
  A leopard gecko zombie (D:8)
  5 rats
296 creatures vanquished.

Vanquished Creatures (collateral kills)
  An ogre (D:13)
  An orc (D:13)
2 creatures vanquished.

Vanquished Creatures (others)
  9 spectral weapons
9 creatures vanquished.

Grand Total: 307 creatures vanquished

Notes
Turn   | Place    | Note
-------+----------+-------------------------------------------
     0 | D:1      | tidbits the Gnoll Skald began the quest for the Orb.
     0 | D:1      | Reached XP level 1. HP: 20/20 MP: 6/6
    30 | D:1      | Reached XP level 2. HP: 21/26 MP: 0/7
   340 | D:1      | Reached XP level 3. HP: 29/31 MP: 9/9
   347 | D:1      | Reached skill level 5 in Spellcasting
   417 | D:1      | Learned a level 2 spell: Song of Slaying
   420 | D:1      | Learned a level 2 spell: Shroud of Golubria
   424 | D:1      | Learned a level 3 spell: Regeneration
   428 | D:1      | Learned a level 3 spell: Spectral Weapon
   735 | D:4      | Noticed a scorpion
   742 | D:4      | Killed a scorpion
   742 | D:4      | Reached skill level 1 in Short Blades
   742 | D:4      | Reached skill level 1 in Axes
   742 | D:4      | Reached skill level 1 in Maces & Flails
   742 | D:4      | Reached skill level 1 in Polearms
   742 | D:4      | Reached skill level 1 in Staves
   742 | D:4      | Reached skill level 1 in Slings
   742 | D:4      | Reached skill level 1 in Bows
   742 | D:4      | Reached skill level 1 in Crossbows
   742 | D:4      | Reached skill level 1 in Throwing
   742 | D:4      | Reached skill level 1 in Stealth
   742 | D:4      | Reached skill level 1 in Shields
   742 | D:4      | Reached skill level 1 in Unarmed Combat
   742 | D:4      | Reached skill level 1 in Conjurations
   742 | D:4      | Reached skill level 1 in Hexes
   742 | D:4      | Reached skill level 1 in Summonings
   742 | D:4      | Reached skill level 1 in Necromancy
   742 | D:4      | Reached skill level 1 in Translocations
   742 | D:4      | Reached skill level 1 in Transmutations
   742 | D:4      | Reached skill level 1 in Fire Magic
   742 | D:4      | Reached skill level 1 in Ice Magic
   742 | D:4      | Reached skill level 1 in Air Magic
   742 | D:4      | Reached skill level 1 in Earth Magic
   742 | D:4      | Reached skill level 1 in Poison Magic
   742 | D:4      | Reached skill level 1 in Invocations
   742 | D:4      | Reached skill level 1 in Evocations
   742 | D:4      | Reached XP level 4. HP: 38/38 MP: 0/11
   814 | D:4      | Reached XP level 5. HP: 31/43 MP: 3/12
   890 | D:3      | Found an iron altar of Okawaru.
   953 | D:3      | Reached skill level 3 in Armour
   980 | D:3      | Found a shimmering altar of Xom.
  1085 | D:2      | Noticed Natasha
  1095 | D:2      | Killed Natasha
  1102 | D:2      | Noticed Natasha
  1107 | D:2      | Killed Natasha
  1107 | D:2      | Reached XP level 6. HP: 30/50 MP: 9/13
  1153 | D:2      | Noticed Natasha
  1157 | D:2      | Killed Natasha
  1394 | D:3      | Paralysed by a kobold for 3 turns
  1478 | D:5      | Entered Level 5 of the Dungeon
  1491 | D:5      | Reached skill level 5 in Fighting
  1491 | D:5      | Reached skill level 5 in Long Blades
  1491 | D:5      | Reached skill level 5 in Dodging
  1561 | D:5      | Reached skill level 2 in Short Blades
  1561 | D:5      | Reached skill level 2 in Axes
  1561 | D:5      | Reached skill level 2 in Maces & Flails
  1561 | D:5      | Reached skill level 2 in Polearms
  1561 | D:5      | Reached skill level 2 in Staves
  1561 | D:5      | Reached skill level 2 in Slings
  1561 | D:5      | Reached skill level 2 in Bows
  1561 | D:5      | Reached skill level 2 in Crossbows
  1561 | D:5      | Reached skill level 2 in Throwing
  1561 | D:5      | Reached skill level 2 in Stealth
  1561 | D:5      | Reached skill level 2 in Shields
  1561 | D:5      | Reached skill level 2 in Unarmed Combat
  1561 | D:5      | Reached skill level 2 in Conjurations
  1561 | D:5      | Reached skill level 2 in Hexes
  1561 | D:5      | Reached skill level 2 in Summonings
  1561 | D:5      | Reached skill level 2 in Necromancy
  1561 | D:5      | Reached skill level 2 in Translocations
  1561 | D:5      | Reached skill level 2 in Transmutations
  1561 | D:5      | Reached skill level 2 in Fire Magic
  1561 | D:5      | Reached skill level 2 in Ice Magic
  1561 | D:5      | Reached skill level 2 in Air Magic
  1561 | D:5      | Reached skill level 2 in Earth Magic
  1561 | D:5      | Reached skill level 2 in Poison Magic
  1561 | D:5      | Reached skill level 2 in Invocations
  1561 | D:5      | Reached skill level 2 in Evocations
  1664 | D:6      | Reached XP level 7. HP: 34/56 MP: 15/15
  1698 | D:7      | Reached skill level 7 in Charms
  1728 | D:7      | Found a white marble altar of Elyvilon.
  1731 | D:7      | Found a deep blue altar of Sif Muna.
  1734 | D:7      | Found a hazy altar of Hepliaklqana.
  1774 | D:7      | Found Ukick's General Store.
  1786 | D:7      | Bought a scroll of remove curse for 33 gold pieces
  1786 | D:7      | Bought a scroll of identify for 22 gold pieces
  1786 | D:7      | Bought a potion of berserk rage for 55 gold pieces
  1970 | D:6      | Noticed Sigmund
  1974 | D:6      | Killed Sigmund
  1974 | D:6      | Reached XP level 8. HP: 49/63 MP: 16/16
  1977 | D:6      | Reached skill level 4 in Armour
  1993 | D:6      | Reached skill level 3 in Short Blades
  1993 | D:6      | Reached skill level 3 in Axes
  1993 | D:6      | Reached skill level 3 in Maces & Flails
  1993 | D:6      | Reached skill level 3 in Polearms
  1993 | D:6      | Reached skill level 3 in Staves
  1993 | D:6      | Reached skill level 3 in Slings
  1993 | D:6      | Reached skill level 3 in Bows
  1993 | D:6      | Reached skill level 3 in Crossbows
  1993 | D:6      | Reached skill level 3 in Throwing
  1993 | D:6      | Reached skill level 3 in Stealth
  1993 | D:6      | Reached skill level 3 in Shields
  1993 | D:6      | Reached skill level 3 in Unarmed Combat
  1993 | D:6      | Reached skill level 3 in Conjurations
  1993 | D:6      | Reached skill level 3 in Hexes
  1993 | D:6      | Reached skill level 3 in Summonings
  1993 | D:6      | Reached skill level 3 in Necromancy
  1993 | D:6      | Reached skill level 3 in Translocations
  1993 | D:6      | Reached skill level 3 in Transmutations
  1993 | D:6      | Reached skill level 3 in Fire Magic
  1993 | D:6      | Reached skill level 3 in Ice Magic
  1993 | D:6      | Reached skill level 3 in Air Magic
  1993 | D:6      | Reached skill level 3 in Earth Magic
  1993 | D:6      | Reached skill level 3 in Poison Magic
  1993 | D:6      | Reached skill level 3 in Invocations
  1993 | D:6      | Reached skill level 3 in Evocations
  2014 | D:6      | Reached skill level 6 in Spellcasting
  2066 | D:6      | Noticed Grinder
  2088 | D:6      | Killed Grinder
  2202 | D:5      | Reached skill level 6 in Fighting
  2202 | D:5      | Reached skill level 6 in Long Blades
  2202 | D:5      | Reached skill level 6 in Dodging
  2202 | D:5      | Reached XP level 9. HP: 60/69 MP: 18/18
  2241 | D:5      | Noticed Duvessa
  2241 | D:5      | Noticed Dowan
  2256 | D:5      | Killed Duvessa
  2264 | D:5      | Killed Dowan
  2324 | D:5      | Found a staircase to the Ecumenical Temple.
  2333 | Temple   | Entered the Ecumenical Temple
  2427 | Temple   | Became a worshipper of Cheibriados the Contemplative
  2651 | D:8      | Reached skill level 4 in Short Blades
  2651 | D:8      | Reached skill level 4 in Axes
  2651 | D:8      | Reached skill level 4 in Maces & Flails
  2651 | D:8      | Reached skill level 4 in Polearms
  2651 | D:8      | Reached skill level 4 in Staves
  2651 | D:8      | Reached skill level 4 in Slings
  2651 | D:8      | Reached skill level 4 in Bows
  2651 | D:8      | Reached skill level 4 in Crossbows
  2651 | D:8      | Reached skill level 4 in Throwing
  2651 | D:8      | Reached skill level 4 in Stealth
  2651 | D:8      | Reached skill level 4 in Shields
  2651 | D:8      | Reached skill level 4 in Unarmed Combat
  2651 | D:8      | Reached skill level 4 in Conjurations
  2651 | D:8      | Reached skill level 4 in Hexes
  2651 | D:8      | Reached skill level 4 in Summonings
  2651 | D:8      | Reached skill level 4 in Necromancy
  2651 | D:8      | Reached skill level 4 in Translocations
  2651 | D:8      | Reached skill level 4 in Transmutations
  2651 | D:8      | Reached skill level 4 in Fire Magic
  2651 | D:8      | Reached skill level 4 in Ice Magic
  2651 | D:8      | Reached skill level 4 in Air Magic
  2651 | D:8      | Reached skill level 4 in Earth Magic
  2651 | D:8      | Reached skill level 4 in Poison Magic
  2651 | D:8      | Reached skill level 4 in Invocations
  2651 | D:8      | Reached skill level 4 in Evocations
  2705 | D:8      | Got an ominously black robe
  2716 | D:8      | Identified the cursed +1 robe of Vlad {Stlth+} (You found it on level 8 of the Dungeon)
  2816 | D:8      | Reached * piety under Cheibriados
  2845 | D:8      | Noticed a two-headed ogre
  2847 | D:8      | Reached skill level 5 in Armour
  2854 | D:8      | Killed a two-headed ogre
  2854 | D:8      | Reached skill level 8 in Charms
  2869 | D:8      | Gained mutation: You occasionally shout uncontrollably at your foes. [potion of mutation]
  2869 | D:8      | Gained mutation: Your muscles are strong. (Str +2) [potion of mutation]
  2970 | D:8      | Noticed a hornet
  2970 | D:8      | Noticed a hornet
  2971 | D:8      | Noticed a hornet
  2984 | D:8      | Killed a hornet
  2987 | D:8      | Killed a hornet
  2987 | D:8      | Reached skill level 7 in Spellcasting
  2987 | D:8      | Reached XP level 10. HP: 77/77 MP: 20/20
  3039 | D:8      | Noticed a six-headed hydra
  3045 | D:8      | Killed a six-headed hydra
  3045 | D:8      | Reached skill level 5 in Short Blades
  3045 | D:8      | Reached skill level 5 in Axes
  3045 | D:8      | Reached skill level 5 in Maces & Flails
  3045 | D:8      | Reached skill level 5 in Polearms
  3045 | D:8      | Reached skill level 5 in Staves
  3045 | D:8      | Reached skill level 5 in Slings
  3045 | D:8      | Reached skill level 5 in Bows
  3045 | D:8      | Reached skill level 5 in Crossbows
  3045 | D:8      | Reached skill level 5 in Throwing
  3045 | D:8      | Reached skill level 5 in Stealth
  3045 | D:8      | Reached skill level 5 in Shields
  3045 | D:8      | Reached skill level 5 in Unarmed Combat
  3045 | D:8      | Reached skill level 5 in Conjurations
  3045 | D:8      | Reached skill level 5 in Hexes
  3045 | D:8      | Reached skill level 5 in Summonings
  3045 | D:8      | Reached skill level 5 in Necromancy
  3045 | D:8      | Reached skill level 5 in Translocations
  3045 | D:8      | Reached skill level 5 in Transmutations
  3045 | D:8      | Reached skill level 5 in Fire Magic
  3045 | D:8      | Reached skill level 5 in Ice Magic
  3045 | D:8      | Reached skill level 5 in Air Magic
  3045 | D:8      | Reached skill level 5 in Earth Magic
  3045 | D:8      | Reached skill level 5 in Poison Magic
  3045 | D:8      | Reached skill level 5 in Invocations
  3045 | D:8      | Reached skill level 5 in Evocations
  3075 | D:8      | Reached skill level 7 in Fighting
  3075 | D:8      | Reached skill level 7 in Long Blades
  3075 | D:8      | Reached skill level 7 in Dodging
  3123 | D:8      | Lost mutation: You occasionally shout uncontrollably at your foes. [potion of mutation]
  3123 | D:8      | Lost mutation: Your muscles are strong. (Str +2) [potion of mutation]
  3123 | D:8      | Gained mutation: You occasionally shout uncontrollably at your foes. [potion of mutation]
  3123 | D:8      | Gained mutation: You are agile. (Dex +2) [potion of mutation]
  3181 | D:8      | Learned a level 3 spell: Mephitic Cloud
  3209 | D:9      | Found Piont's General Store.
  3221 | D:9      | Bought a scroll of identify for 24 gold pieces
  3296 | D:9      | Reached skill level 6 in Armour
  3307 | D:9      | Reached ** piety under Cheibriados
  3316 | D:9      | Found a staircase to the Lair.
  3394 | D:8      | Noticed a two-headed ogre
  3400 | D:8      | Killed a two-headed ogre
  3440 | D:10     | Entered Level 10 of the Dungeon
  3453 | D:10     | Noticed Nergalle
  3626 | D:10     | Noticed a gargoyle
  3701 | D:9      | Reached XP level 11. HP: 84/84 MP: 17/22
  3718 | D:9      | Reached *** piety under Cheibriados
  3733 | D:9      | Found a roughly hewn altar of Beogh.
  3884 | D:10     | Killed Nergalle
  3943 | D:10     | Reached skill level 9 in Charms
  3950 | D:10     | Reached skill level 6 in Short Blades
  3950 | D:10     | Reached skill level 6 in Axes
  3950 | D:10     | Reached skill level 6 in Maces & Flails
  3950 | D:10     | Reached skill level 6 in Polearms
  3950 | D:10     | Reached skill level 6 in Staves
  3950 | D:10     | Reached skill level 6 in Slings
  3950 | D:10     | Reached skill level 6 in Bows
  3950 | D:10     | Reached skill level 6 in Crossbows
  3950 | D:10     | Reached skill level 6 in Throwing
  3950 | D:10     | Reached skill level 6 in Stealth
  3950 | D:10     | Reached skill level 6 in Shields
  3950 | D:10     | Reached skill level 6 in Unarmed Combat
  3950 | D:10     | Reached skill level 6 in Conjurations
  3950 | D:10     | Reached skill level 6 in Hexes
  3950 | D:10     | Reached skill level 6 in Summonings
  3950 | D:10     | Reached skill level 6 in Necromancy
  3950 | D:10     | Reached skill level 6 in Translocations
  3950 | D:10     | Reached skill level 6 in Transmutations
  3950 | D:10     | Reached skill level 6 in Fire Magic
  3950 | D:10     | Reached skill level 6 in Ice Magic
  3950 | D:10     | Reached skill level 6 in Air Magic
  3950 | D:10     | Reached skill level 6 in Earth Magic
  3950 | D:10     | Reached skill level 6 in Poison Magic
  3950 | D:10     | Reached skill level 6 in Invocations
  3950 | D:10     | Reached skill level 6 in Evocations
  3978 | D:10     | Killed an unseen horror
  3978 | D:10     | Reached skill level 8 in Spellcasting
  4042 | D:10     | Found a staircase to the Orcish Mines.
  4246 | D:11     | Noticed a two-headed ogre
  4260 | D:11     | Killed a two-headed ogre
  4277 | D:11     | Gained mutation: You have a pair of small horns on your head. [mutagenic meat]
  4278 | D:11     | Gained mutation: Armour fits poorly on your strangely shaped body. [mutagenic meat]
  4321 | D:11     | Reached skill level 8 in Fighting
  4321 | D:11     | Reached skill level 8 in Long Blades
  4321 | D:11     | Reached skill level 7 in Armour
  4321 | D:11     | Reached skill level 8 in Dodging
  4399 | D:11     | Reached **** piety under Cheibriados
  4489 | D:11     | Noticed a centaur warrior
  4500 | D:11     | Killed a centaur warrior
  4500 | D:11     | Reached XP level 12. HP: 78/93 MP: 13/24
  4641 | D:12     | HP: 7/93 [very large slime creature (22)]
  4698 | D:12     | Noticed a two-headed ogre
  4711 | D:12     | Killed a two-headed ogre
  4711 | D:12     | Reached skill level 7 in Short Blades
  4711 | D:12     | Reached skill level 7 in Axes
  4711 | D:12     | Reached skill level 7 in Maces & Flails
  4711 | D:12     | Reached skill level 7 in Polearms
  4711 | D:12     | Reached skill level 7 in Staves
  4711 | D:12     | Reached skill level 7 in Slings
  4711 | D:12     | Reached skill level 7 in Bows
  4711 | D:12     | Reached skill level 7 in Crossbows
  4711 | D:12     | Reached skill level 7 in Throwing
  4711 | D:12     | Reached skill level 7 in Stealth
  4711 | D:12     | Reached skill level 7 in Shields
  4711 | D:12     | Reached skill level 7 in Unarmed Combat
  4711 | D:12     | Reached skill level 7 in Conjurations
  4711 | D:12     | Reached skill level 7 in Hexes
  4711 | D:12     | Reached skill level 7 in Summonings
  4711 | D:12     | Reached skill level 7 in Necromancy
  4711 | D:12     | Reached skill level 7 in Translocations
  4711 | D:12     | Reached skill level 7 in Transmutations
  4711 | D:12     | Reached skill level 7 in Fire Magic
  4711 | D:12     | Reached skill level 7 in Ice Magic
  4711 | D:12     | Reached skill level 7 in Air Magic
  4711 | D:12     | Reached skill level 7 in Earth Magic
  4711 | D:12     | Reached skill level 7 in Poison Magic
  4711 | D:12     | Reached skill level 7 in Invocations
  4711 | D:12     | Reached skill level 7 in Evocations
  4742 | D:12     | Learned a level 3 spell: Ozocubu's Armour
  4810 | D:12     | HP: 4/94 [white ugly thing (27)]
  4897 | D:12     | Found Ytiv's Book Shop.
  4915 | D:12     | Bought a book of Necromancy for 330 gold pieces
  4917 | D:12     | Learned a level 1 spell: Animate Skeleton
  4923 | D:12     | Learned a level 4 spell: Animate Dead
  5011 | D:13     | Found a shattered altar of Ashenzari.
  5172 | D:14     | Learned a level 6 spell: Freezing Cloud
  5183 | D:14     | Reached skill level 9 in Spellcasting
  5212 | D:14     | Noticed a four-headed hydra
  5216 | D:14     | Noticed a vault guard
  5223 | D:14     | Killed a vault guard
  5223 | D:14     | HP: 9/94 [four-headed hydra (10)]
  5224 | D:14     | Noticed a vault guard
  5224 | D:14     | HP: 2/94 [four-headed hydra (7)]
  5238 | D:14     | Hit by a large rock thrown by a cyclops

Vault maps used:
D:1:      minmay_arrival_shoal_huts, minmay_cupped
D:2:      uniq_crazy_yiuf_cottage, uniq_natasha
D:3:      cheibrodos_old_hovel, xom_teletrap_fun, okawaru_gym_becter
D:4:      first_bread, serial_bayou_pond_e, serial_bayou_lake_a, uniq_menkaure
D:5:      minmay_temple_entry_statues_pillars, kennysheep_pointless_box,
          uniq_duvessa, uniq_blork_the_orc
D:6:      corexii_item_surrounded_by_moat, fountainhead, grunt_ministairs_12,
          uniq_sigmund, uniq_grinder
D:7:      nicolae_overflow_hidden_temple, serial_shops, shop
D:8:      minmay_the_grid_square_5x5_3x3, hangedman_pestilent_swarm
D:9:      erik_lair_orcish_takeover, serial_shops, nicolae_shop_stone,
          special_room
D:10:     orc_0_dummy, fedhas_altar_4, uniq_nergalle
D:11:     minivault_13
D:12:     serial_shops, nicolae_shop_crystal, serial_glass, glass_columns_c,
          glass_columns_c
D:13:     spider_trap, solitary_fountain, evilmike_ruin_ashenzari
D:14:     lightli_vaults_fourway_checkpoint, hangedman_abyss_or_decor_stagger
Temple:   dpeg_five_rooms_temple

Skill      XL: |  1  2  3  4  5  6  7  8  9 10 11 12 |
---------------+-------------------------------------+-----
Spellcasting   | 5 6 7 8 9 |  9.1
Short Blades   | 1 2 3 4 5 6 7 |  7.4
Axes           | 1 2 3 4 5 6 7 |  7.4
Maces & Flails | 1 2 3 4 5 6 7 |  7.4
Polearms       | 1 2 3 4 5 6 7 |  7.4
Staves         | 1 2 3 4 5 6 7 |  7.4
Slings         | 1 2 3 4 5 6 7 |  7.4
Bows           | 1 2 3 4 5 6 7 |  7.4
Crossbows      | 1 2 3 4 5 6 7 |  7.4
Throwing       | 1 2 3 4 5 6 7 |  7.4
Stealth        | 1 2 3 4 5 6 7 |  7.4
Shields        | 1 2 3 4 5 6 7 |  7.4
Unarmed Combat | 1 2 3 4 5 6 7 |  7.4
Conjurations   | 1 2 3 4 5 6 7 |  7.4
Hexes          | 1 2 3 4 5 6 7 |  7.4
Summonings     | 1 2 3 4 5 6 7 |  7.4
Necromancy     | 1 2 3 4 5 6 7 |  7.4
Translocations | 1 2 3 4 5 6 7 |  7.4
Transmutations | 1 2 3 4 5 6 7 |  7.4
Fire Magic     | 1 2 3 4 5 6 7 |  7.4
Ice Magic      | 1 2 3 4 5 6 7 |  7.4
Air Magic      | 1 2 3 4 5 6 7 |  7.4
Earth Magic    | 1 2 3 4 5 6 7 |  7.4
Poison Magic   | 1 2 3 4 5 6 7 |  7.4
Invocations    | 1 2 3 4 5 6 7 |  7.4
Evocations     | 1 2 3 4 5 6 7 |  7.4
Armour         | 3 4 5 6 7 |  7.9
Fighting       | 5 6 7 8 |  8.8
Long Blades    | 5 6 7 8 |  8.8
Dodging        | 5 6 7 8 |  8.8
Charms         | 7 8 9 |  9.9

Action                   |  1- 3 |  4- 6 |  7- 9 | 10-12 || total
-------------------------+-------+-------+-------+-------++-------
Melee: Falchion          |    23 |       |       |     4 ||    27
       Bite              |     6 |    13 |    24 |   101 ||   144
       Dagger            |    80 |   115 |   140 |   467 ||   802
       Punch             |       |       |     4 |     4 ||     8
       Headbutt          |       |       |       |    74 ||    74
Throw: Javelin           |       |       |     1 |       ||     1
 Cast: Infusion          |     4 |       |       |       ||     4
       Regeneration      |     4 |     2 |     5 |    26 ||    37
       Spectral Weapon   |     2 |     9 |    20 |    39 ||    70
       Song of Slaying   |     1 |     6 |     8 |    15 ||    30
       Shroud of Golubri |     1 |     2 |     4 |     7 ||    14
       Mephitic Cloud    |       |       |       |     1 ||     1
       Animate Dead      |       |       |       |     1 ||     1
       Animate Skeleton  |       |       |       |     1 ||     1
       Ozocubu's Armour  |       |       |       |     1 ||     1
Invok: Bend Time         |       |       |       |    15 ||    15
       Temporal Distorti |       |       |       |     3 ||     3
       Slouch            |       |       |       |     2 ||     2
Evoke: Wand              |       |       |     3 |    18 ||    21
  Use: Scroll            |       |     3 |     5 |    11 ||    19
       Potion            |       |       |     2 |     4 ||     6
 Stab: Sleeping          |     1 |     1 |     2 |     6 ||    10
       Distracted        |       |     1 |     2 |    15 ||    18
       Paralysed         |       |       |     2 |    10 ||    12
  Eat: Chunk             |       |     4 |     7 |     7 ||    18
       Fruit             |       |       |       |     5 ||     5
Armor: Leather armour    |    28 |       |       |       ||    28
       Ring mail         |       |    33 |    26 |    51 ||   110
       Troll leather arm |       |       |       |    14 ||    14
Dodge: Dodged            |   115 |    80 |   112 |   297 ||   604
Block: Shield            |       |       |       |   263 ||   263
       Rpst.: Falchion   |    12 |       |       |     1 ||    13

Table legend:
 A = Spawn XP
 B = Non-spawn XP
 C = Spawn XP percentage of total XP
 D = Spawn monster count
 E = Non-spawn monster count
 F = Spawn count percentage of total count
 G = Total turns spent on level
                    A         B        C        D         E        F      G
               +---------+---------+-------+---------+---------+-------+---------
         Total |       0 |   28681 |   0.0 |       0 |     298 |   0.0 |  5238
               +---------+---------+-------+---------+---------+-------+---------
           D:1 |       0 |      49 |   0.0 |       0 |      28 |   0.0 |   490
           D:2 |       0 |     161 |   0.0 |       0 |      20 |   0.0 |   304
           D:3 |       0 |      62 |   0.0 |       0 |      19 |   0.0 |   444
           D:4 |       0 |     146 |   0.0 |       0 |       8 |   0.0 |   240
           D:5 |       0 |     741 |   0.0 |       0 |      17 |   0.0 |   386
           D:6 |       0 |    1398 |   0.0 |       0 |      19 |   0.0 |   382
           D:7 |       0 |     243 |   0.0 |       0 |       7 |   0.0 |   223
           D:8 |       0 |    4869 |   0.0 |       0 |      35 |   0.0 |   683
           D:9 |       0 |    1476 |   0.0 |       0 |      40 |   0.0 |   515
          D:10 |       0 |    4244 |   0.0 |       0 |      35 |   0.0 |   375
          D:11 |       0 |    5378 |   0.0 |       0 |      29 |   0.0 |   326
          D:12 |       0 |    5507 |   0.0 |       0 |      18 |   0.0 |   441
          D:13 |       0 |    1743 |   0.0 |       0 |      10 |   0.0 |   181
          D:14 |       0 |    2664 |   0.0 |       0 |      13 |   0.0 |    76
               +---------+---------+-------+---------+---------+-------+---------

Table legend:
 A = Turns spent in this place as a percentage of turns spent in the entire game.
 B = Non-inter-level travel turns spent in this place as a percentage of non-inter-level travel turns spent in the entire game.
 C = Inter-level travel turns spent in this place as a percentage of turns spent in this place.
 D = Turns resting spent in this place as a percentage of non-inter-level travel turns spent in this place.
 E = Turns spent auto-exploring this place as a percentage of non-inter-level travel turns spent in this place.
 F = Non-inter-level travel turns spent in this place divided by the number of levels of this place that you've seen.
                   A       B       C       D       E      F
               +-------+-------+-------+-------+-------+----------------------
         Total | 100.0 | 100.0 |   5.3 |   0.0 |   0.0 | 330.5
       Dungeon |  96.7 |  98.0 |   4.1 |   0.0 |   0.0 | 347.1
        Temple |   3.3 |   2.0 |  42.4 |   0.0 |   0.0 |  99.0
               +-------+-------+-------+-------+-------+----------------------

Table legend:
 A = Kills in this place as a percentage of kills in entire the game.
 B = Kills by you in this place as a percentage of kills by you in the entire game.
 C = Kills by friends in this place as a percentage of kills by friends in the entire game.
 D = Other kills in this place as a percentage of other kills in the entire game.
 E = Experience gained in this place as a percentage of experience gained in the entire game.
 F = Experience gained in this place divided by the number of levels of this place that you have seen.
                   A       B       C       D       E      F
               +-------+-------+-------+-------+-------+----------------------
         Total | 100.0 | 100.0 | 100.0 |   N/A | 100.0 | 1912.1
       Dungeon | 100.0 | 100.0 | 100.0 |   N/A | 100.0 | 2048.6
               +-------+-------+-------+-------+-------+----------------------

Vault maps used:
D:1:      minmay_arrival_shoal_huts, minmay_cupped
D:2:      uniq_crazy_yiuf_cottage, uniq_natasha
D:3:      cheibrodos_old_hovel, xom_teletrap_fun, okawaru_gym_becter
D:4:      first_bread, serial_bayou_pond_e, serial_bayou_lake_a, uniq_menkaure
D:5:      minmay_temple_entry_statues_pillars, kennysheep_pointless_box,
          uniq_duvessa, uniq_blork_the_orc
D:6:      corexii_item_surrounded_by_moat, fountainhead, grunt_ministairs_12,
          uniq_sigmund, uniq_grinder
D:7:      nicolae_overflow_hidden_temple, serial_shops, shop
D:8:      minmay_the_grid_square_5x5_3x3, hangedman_pestilent_swarm
D:9:      erik_lair_orcish_takeover, serial_shops, nicolae_shop_stone,
          special_room
D:10:     orc_0_dummy, fedhas_altar_4, uniq_nergalle
D:11:     minivault_13
D:12:     serial_shops, nicolae_shop_crystal, serial_glass, glass_columns_c,
          glass_columns_c
D:13:     spider_trap, solitary_fountain, evilmike_ruin_ashenzari
D:14:     lightli_vaults_fourway_checkpoint, hangedman_abyss_or_decor_stagger
Temple:   dpeg_five_rooms_temple
